[Event "9th Holuj-Radzikowska 2019"]
[Site "Wroclaw"]
[Date "2019.12.12"]
[Round "6"]
[White "Socko, Monika"]
[Black "Houska, Jovanka"]
[Result "1/2-1/2"]
[ECO "D30"]
[WhiteElo "2407"]
[BlackElo "2412"]
[Annotator "ChessBase"]
[PlyCount "95"]
[EventDate "2019.12.06"]
[EventType "team-tourn"]
[EventCountry "POL"]
[SourceTitle "playchess.com"]
[Source "ChessBase"]
[SourceQuality "1"]
[TimeControl "40/5400+30:1800+30"]

1. d4 d5 2. c4 e6 3. Nf3 Nf6 4. g3 Bb4+ 5. Nbd2 O-O 6. Bg2 b6 7. O-O Bb7 8. a3 Be7 9. b4 Ne4 10. Bb2 Nd7 11. c5 f5 12. Qc2 c6 13. Nxe4 fxe4 14. Nd2 Bf6 15. f3 bxc5 16. bxc5 e3 17. Nb3 Ba6 18. Bc3 e5 19. Bh3 exd4 20. Nxd4 Nxc5 21. Rad1 Qb6 22. Bb4 Bc4 23. Bf5 g6 24. Ne6 Nxe6 25. Bxe6+ Kh8 26. Bxf8 Rxf8 27. Rb1 Qa6 28. Rfe1 Qxa3 29. Rb7 Qa6 30. Reb1 Bd4 31. R7b4 c5 32. Rxc4 Qxc4 33. Qxc4 dxc4 34. Bxc4 a5 35. f4 a4 36. Rb6 Ra8 37. Ra6 Rxa6 38. Bxa6 Kg7 39. Bb5 a3 40. Bc4 h5 41. Kg2 Bc3 42. Kf3 Bd2 43. h3 Kf6 44. g4 hxg4+ 45. hxg4 g5 46. Ke4 Bc1 47. Ba2 Bd2 48. Bc4 {[%emt 0:00:04] Ke5+} 1/2-1/2

[Event "9th Holuj-Radzikowska 2019"]
[Site "Wroclaw"]
[Date "2019.12.12"]
[Round "6"]
[White "Zawadzka, Jolanta"]
[Black "Badelka, Olga"]
[Result "1/2-1/2"]
[ECO "B32"]
[WhiteElo "2400"]
[BlackElo "2399"]
[Annotator "ChessBase"]
[PlyCount "105"]
[EventDate "2019.12.06"]
[EventType "team-tourn"]
[EventCountry "POL"]
[SourceTitle "playchess.com"]
[Source "ChessBase"]
[SourceQuality "1"]
[TimeControl "40/5400+30:1800+30"]

1. e4 c5 2. Nf3 Nc6 3. d4 cxd4 4. Nxd4 e5 5. Nb5 d6 6. c4 Be7 7. N1c3 a6 8. Na3 f5 9. exf5 Bxf5 10. Bd3 Be6 11. O-O Nf6 12. Nc2 O-O 13. Nd5 Rb8 14. b3 Rf7 15. Bb2 Bf8 16. Nce3 Ne7 17. Qd2 Nfxd5 18. Nxd5 Nxd5 19. cxd5 Bf5 20. Bxf5 Rxf5 21. Rac1 Rf7 22. Rc2 Rc8 23. Rfc1 Rfc7 24. Rxc7 Rxc7 25. g3 Be7 26. h4 Qc8 27. Rxc7 Qxc7 28. Qd3 Qc5 29. Bc3 Bf6 30. Bd2 Be7 31. Be3 Qc8 32. Kh2 g6 33. Qe4 Kg7 34. a4 h5 35. Bd2 Qf5 36. Qe3 Qf7 37. Kg1 Kf8 38. Qd3 Ke8 39. b4 Bd8 40. Be3 Qf5 41. Qb3 g5 42. hxg5 Bxg5 43. Bxg5 Qxg5 44. Qc2 Qg4 45. b5 axb5 46. axb5 h4 47. Kg2 hxg3 48. f3 Qh4 49. Qc8+ Kf7 50. Qd7+ Kg8 51. Qe8+ Kg7 52. Qd7+ Kg8 53. Qe8+ 1/2-1/2

[Event "9th Holuj-Radzikowska 2019"]
[Site "Wroclaw"]
[Date "2019.12.12"]
[Round "6"]
[White "Sliwicka, Alicja"]
[Black "Bulmaga, Irina"]
[Result "0-1"]
[ECO "C47"]
[WhiteElo "2264"]
[BlackElo "2434"]
[Annotator "ChessBase"]
[PlyCount "136"]
[EventDate "2019.12.06"]
[EventType "team-tourn"]
[EventCountry "POL"]
[SourceTitle "playchess.com"]
[Source "ChessBase"]
[SourceQuality "1"]
[TimeControl "40/5400+30:1800+30"]

1. e4 e5 2. Nf3 Nc6 3. Nc3 Nf6 4. d4 exd4 5. Nxd4 Bb4 6. Nxc6 bxc6 7. Bd3 O-O 8. O-O Re8 9. Bg5 h6 10. Bh4 g5 11. Bg3 Bxc3 12. bxc3 Nxe4 13. Qh5 d6 14. f4 Bf5 15. Bxe4 Rxe4 16. Qxh6 Re6 17. Qh5 Qf6 18. fxg5 Qg6 19. Qf3 Be4 20. Qf4 Bxc2 21. Rae1 Rae8 22. Rxe6 Rxe6 23. Re1 Rxe1+ 24. Bxe1 Qe6 25. Bf2 c5 26. h4 Qxa2 27. Qf6 Qe6 28. Qd8+ Kg7 29. h5 Be4 30. h6+ Kh7 31. Qf8 Qg6 32. Be3 Bd5 33. Bd2 a6 34. c4 Bxc4 35. Bc3 Qg8 36. Qe7 Bd5 37. Bg7 Qc8 38. g6+ Kxg6 39. Qf6+ Kh7 40. Qg5 Be4 41. Bc3 Qg8 42. Bg7 Qe8 43. Bc3 Bg6 44. Qf6 Qg8 45. g4 d5 46. Be5 Be4 47. g5 a5 48. Bxc7 a4 49. Bd6 Qg6 50. Bxc5 Qxf6 51. gxf6 Kxh6 52. Kf2 Kg5 53. Bd4 Kf4 54. Bb2 Bd3 55. Ba3 Ke4 56. Ke1 Kd4 57. Kd2 Kc4 58. Bd6 Bf5 59. Be7 d4 60. Bd6 Kb3 61. Be5 d3 62. Kc1 a3 63. Bd4 Ka2 64. Bc3 Bg6 65. Bd2 Kb3 66. Bf4 d2+ 67. Kxd2 Kb2 68. Be5+ Kb1 0-1